 Dungeon Crawl Stone Soup version 0.26-a0-667-g92642533e4 (webtiles) character file.

Game seed: 2116884354643834623

(classic levelgen) 235 EnegeticOcto the Skirmisher (level 6, -2/41 HPs)
             Began as a Gargoyle Air Elementalist on Oct 16, 2020.
             Slain by a lemure (4 damage)
             ... led by Pikel
             ... on level 3 of the Dungeon.
             The game lasted 00:04:23 (547 turns).

EnegeticOcto the Skirmisher (GrAE)                   Turns: 547, Time: 00:04:23

Health: -2/41      AC: 13    Str: 12    XL:     6   Next: 6%
Magic:  9/9        EV:  5    Int: 17    God:
Gold:   28         SH:  0    Dex: 10    Spells: 8/9 levels left

rFire    . . .     SeeInvis .   f - +0 trident
rCold    . . .     Faith    .   (no shield)
rNeg     + . .     Spirit   .   i - +0 chain mail
rPois    ∞         Reflect  .   (no helmet)
rElec    +         Harm     .   (no cloak)
rCorr    .         Rampage  .   g - +0 pair of gloves
MR       .....                  (no boots)
Stlth    ..........             (no amulet)
HPRegen  0.13/turn              (no ring)
MPRegen  0.11/turn              (no ring)

@: no status effects
A: negative energy resistance 1, electricity resistance, unbreathing,
petrification resistance, rot immunity, AC +4
a: no special abilities


You were on level 3 of the Dungeon.
You visited 1 branch of the dungeon, and saw 4 of its levels.

You collected 28 gold pieces.

Inventory:

Hand Weapons
 c - a +0 club
 f - a +0 trident (weapon)
Missiles
 k - 7 curare-tipped darts (quivered)
Armour
 a - a +0 robe
 g - a +0 pair of gloves (worn)
 i - a +0 chain mail (worn)
Scrolls
 b - 2 scrolls of remove curse {unknown}
 h - a scroll of amnesia {unknown}
 j - 2 scrolls of immolation {unknown}
 l - a scroll of identify {unknown}
 m - a scroll of enchant armour {unknown}
Potions
 d - 2 potions of heal wounds {@q2 !q}
 e - a potion of stabbing {@q5 !q}


   Skills:
 + Level 6.2 Fighting
 - Level 1.5 Dodging
 - Level 2.1 Stealth
 - Level 2.0 Spellcasting
 - Level 1.1 Conjurations
 - Level 2.4 Air Magic


You had 8 spell levels left.
You knew the following spells:

 Your Spells              Type           Power        Failure   Level
a - Shock                 Conj/Air       #...         99%         1

Your spell library contained the following spells:

 Spells                   Type           Power        Failure   Level
 Swiftness                Air            #.......     99%         2
 Static Discharge         Conj/Air       #.......     100%        3
 Airstrike                Air            #.........   100%        4
 Lightning Bolt           Conj/Air       #.........   100%        5


Dungeon Overview and Level Annotations

Branches:
Dungeon (4/15)
 Temple: D:4-7

Altars:

Annotations:
D:4 Dowan, Duvessa, Pikel


Innate Abilities, Weirdness & Mutations

You are resistant to torment.
Your stone body is resilient. (AC +4)
You are immune to poison.
You resist negative energy. (rN+)
You are resistant to electric shocks. (rElec)
You can survive without breathing.
You are immune to petrification.
You are immune to rotting.


Message History

Found a scroll labeled RESOEVVAEC.
You puncture the rat!
You kill the rat!
k - 7 curare-tipped darts (gained 1)
Found 4 gold pieces.
Found a scroll labeled ISY ILA NIA.
l - a scroll labeled RESOEVVAEC
m - a scroll labeled ISY ILA NIA You now have 28 gold pieces (gained 4).
(D) Dungeon
Where to? (Enter - D:3, ? - help)
There is a stone staircase leading down here.
You climb downwards. 4 jackals, a giant cockroach and an ogre come into view.
The ogre shouts!
The jackal barks! x4; You hear a shout! x4
You hear an angry hiss.
Found 7 gold pieces and a marble ring.
There is a stone staircase leading up here.
You climb upwards.
There is a stone staircase leading down here.
There is a stone staircase leading down here.
You see here a dart slug corpse.
You climb downwards.
A frilled lizard, a hound, 2 gnolls, 4 lemures, Dowan and Pikel come into view.
Pikel is wielding a +2 whip of freezing and carrying a wand of paralysis (5).
Dowan shouts!
Pikel shouts!
The lemure shouts! x4
The frilled lizard hisses angrily.
The gnoll shouts! x2; The hound barks!
A gnoll comes into view. It is wielding a +0 flail.
The lemure hits you but does no damage.
Dowan moves out of view.
Found three items.
Found a stone staircase leading down.
Duvessa, Sister of Dowan comes into view.
She is wielding a +0 short sword.
There is a stone staircase leading up here.
Duvessa shouts!
The lemure closely misses you. The hound bites you but does no damage.
You climb upwards.
There is a stone staircase leading down here.
You see here a dart slug corpse.
You are too injured to fight recklessly!
You are too injured to fight recklessly!
You closely miss the lemure. The lemure hits you but does no damage.
You barely miss the lemure. The lemure hits you.
The lemure hits you but does no damage.
You barely miss the lemure. The lemure hits you.
You puncture the lemure!
The lemure is moderately wounded.
The lemure barely misses you.
You hit the lemure.
The lemure is heavily wounded.
The lemure hits you but does no damage.
You barely miss the lemure.
The lemure is heavily wounded.
The lemure barely misses you. The lemure hits you but does no damage.
You hit the lemure.
The lemure is severely wounded.
The lemure barely misses you.
You barely miss the lemure.
The lemure is severely wounded.
The lemure hits you.
You closely miss the lemure.
The lemure is severely wounded.
The lemure barely misses you. The lemure hits you.
Your chain mail prevents you from hitting the lemure.
The lemure is severely wounded.
The lemure hits you but does no damage.
You hit the lemure.
The lemure is almost dead.
The lemure hits you but does no damage.
You barely miss the lemure.
The lemure is almost dead.
The lemure hits you but does no damage. The lemure hits you.
* * * LOW HITPOINT WARNING * * *
You hit the lemure.
You kill the lemure!
That felt strangely unrewarding.
You closely miss the lemure. The lemure hits you.
* * * LOW HITPOINT WARNING * * *
You barely miss the lemure.
The lemure hits you but does no damage. x2
You closely miss the lemure. The lemure hits you but does no damage.
You closely miss the lemure. The lemure hits you but does no damage.
You closely miss the lemure.
The lemure hits you but does no damage. x2
Your chain mail prevents you from hitting the lemure.
The lemure hits you.
* * * LOW HITPOINT WARNING * * *
You hit the lemure.
The lemure is lightly wounded.
The lemure hits you.
* * * LOW HITPOINT WARNING * * *
You hit the lemure.
The lemure is lightly wounded.
The lemure hits you but does no damage.
You hit the lemure.
The lemure is moderately wounded.
The lemure hits you but does no damage. x2
You hit the lemure.
The lemure is heavily wounded.
The lemure barely misses you.
You closely miss the lemure.
The lemure is heavily wounded.
The lemure hits you.
You die...

##.#.......##......)....#.# .#
###.#...######.##...#.†.##.# .#
............8..###.##...##.##.###
###(#†####.....###.##........#...
#.#.#####8.8.#........##.##.# #
#.......P....#.##...##.##.##
####......####............<#
.####....>#####......##.###.#
#............5@.......##.###.#
######.....#####...#......##.#
#.....# ##.###.#...##.#
#####.######.##.#..#.##.#
#..........###....#.#
########.##.#....#..#
#......#.....# ######....#.##
######....#


You could see a lemure.

Vanquished Creatures
  Grinder (D:3)
  A lemure (D:3)
  An adder (D:3)
  An adder skeleton (D:3)
  A dart slug (D:3)
  A leopard gecko (D:1)
  A giant cockroach (D:1)
  6 goblins
  A hobgoblin (D:1)
  2 bats (D:3)
  A jackal zombie (D:3)
  A quokka zombie (D:3)
  3 rats
21 creatures vanquished.

Vanquished Creatures (others)
  A withered plant (D:3)
1 creature vanquished.

Grand Total: 22 creatures vanquished

Notes
Turn   | Place    | Note
-------+----------+-------------------------------------------
     0 | D:1      | EnegeticOcto the Gargoyle Air Elementalist began the quest
                  | for the Orb.
     0 | D:1      | Reached XP level 1. HP: 10/10 MP: 3/3
    21 | D:1      | Reached skill level 1 in Fighting
    67 | D:1      | Reached XP level 2. HP: 14/17 MP: 3/5
   149 | D:2      | Reached skill level 2 in Fighting
   330 | D:3      | Reached XP level 3. HP: 15/22 MP: 6/6
   343 | D:3      | Reached skill level 3 in Fighting
   351 | D:3      | Noticed Grinder
   366 | D:3      | Paralysed by Grinder for 2 turns
   375 | D:3      | Paralysed by Grinder for 5 turns
   396 | D:3      | Killed Grinder
   396 | D:3      | Reached skill level 6 in Fighting
   396 | D:3      | Reached XP level 4. HP: 4/32 MP: 1/7
   396 | D:3      | Reached XP level 5. HP: 5/36 MP: 1/8
   396 | D:3      | Reached XP level 6. HP: 6/41 MP: 1/9
   517 | D:4      | Noticed Dowan
   517 | D:4      | Noticed Pikel
   518 | D:4      | Noticed Duvessa
   543 | D:3      | HP: 1/41 [lemure[Pikel] (5)]
   547 | D:3      | Slain by a lemure

Illustrated notes

Levels and vault maps discovered:
D:1:      dpeg_arrival_ratfight, layout_basic
D:2:      layout_basic, chequers_big_river, minivault_4
D:3:      layout_loops_ring, serial_undead, serial_undead_b, serial_undead_b,
          serial_undead_c, serial_undead_c, serial_undead_d, uniq_grinder,
          uniq_terence
D:4:      layout_rooms, gammafunk_ghost_gnarly_gnolls, minmay_lizard_king,
          uniq_duvessa, uniq_pikel

Skill      XL: |  1  2  3 |
---------------+----------+-----
Fighting       | 1 2 6 |  6.2
Dodging        | |  1.5
Stealth        | |  2.1
Spellcasting   | |  2.0
Conjurations   | |  1.1
Air Magic      | |  2.4

Action                   |  1- 3 |  4- 6 || total
-------------------------+-------+-------++-------
Melee: Club              |    19 |       ||    19
       Trident           |    32 |    35 ||    67
       Unarmed           |     8 |       ||     8
Throw: Dart              |       |     1 ||     1
 Cast: Shock             |    14 |       ||    14
  Use: Potion            |     4 |       ||     4
 Stab: Sleeping          |     2 |       ||     2
Armor: Robe              |    13 |       ||    13
       Chain mail        |    43 |    26 ||    69
       Skin              |     3 |       ||     3
Dodge: Dodged            |    44 |    10 ||    54

Table legend: (Time is in decaauts)
 A = Elapsed time spent in this place.
 B = Non-inter-level travel time spent in this place.
 C = Inter-level travel time spent in this place.
 D = Time resting spent in this place.
 E = Time spent auto-exploring this place.
 F = Levels seen in this place.
 G = Mean time per level.
                   A        B        C        D        E       F      G
               +--------+--------+--------+--------+--------+-----+--------+
         Total |    594 |    585 |      9 |      0 |      0 |   4 |  148.5 |
       Dungeon |    594 |    585 |      9 |      0 |      0 |   4 |  148.5 |
               +--------+--------+--------+--------+--------+-----+--------+

Top non-repeatable levels by time:
     D:3: 342 daAuts
     D:1: 163 daAuts
     D:2: 83 daAuts
     D:4: 4 daAuts
